 Dungeon Crawl Stone Soup version 0.29.0-11-gd7f09526c8 (webtiles) character file.

Game seed: 54359070010695809

46 leavemydog the Conjurer (level 3, -6/19 HPs)
             Began as a Deep Elf Conjurer on Sept 3, 2022.
             Mangled by Terence
             ... wielding a +1 hand axe of flaming
              (8 damage)
             ... on level 2 of the Dungeon.
             The game lasted 00:02:11 (1575 turns).

leavemydog the Conjurer (Deep Elf Conjurer)         Turns: 1575, Time: 00:02:12

Health: -6/19      AC:  3    Str:  4    XL:     3   Next: 44%
Magic:  11/18      EV: 12    Int: 24    God:
Gold:   71         SH:  0    Dex: 13    Spells: 6/9 levels left

rFire   . . .      SeeInvis .   j - +0 short sword
rCold   . . .      Faith    .   (no shield)
rNeg    . . .      Spirit   .   a - +0 robe
rPois   .          Reflect  .   (no helmet)
rElec   .          Harm     .   (no cloak)
rCorr   .          Rampage  .   (no gloves)
Will    .....                   e - +0 pair of boots
Stlth   ++........              (no amulet)
HPRegen 0.06/turn               k - ring of magical power
MPRegen 0.16/turn               (no ring)

@: unable to read
A: hooves 1, low MP 1, inability to read after injury 1
a: no special abilities


You were on level 2 of the Dungeon.
You visited 1 branch of the dungeon, and saw 2 of its levels.

You collected 71 gold pieces.

Inventory:

Hand Weapons
 j - a +0 short sword (weapon)
Armour
 a - a +0 robe (worn)
 e - a +0 pair of boots (worn)
Jewellery
 k - a ring of magical power (left hand)
Scrolls
 f - 2 scrolls of identify {unknown}
 g - a scroll of amnesia {unknown}
 h - a scroll of immolation {unknown}
 i - a scroll of fear {unknown}
 l - 2 scrolls of teleportation {unknown}
Potions
 b - a potion of magic
 d - a potion of lignification {unknown}


   Skills:
 - Level 2.4 Dodging
 - Level 2.4 Stealth
 + Level 3.5 Spellcasting
 + Level 5.5 Conjurations


You had 6 spell levels left.
You knew the following spells:

 Your Spells              Type           Power      Damage    Failure   Level
a - Magic Dart            Conj           100%       1d8       1%          1
b - Searing Ray           Conj           62%        2d6       1%          2

Your spell library contained the following spells:

 Spells                   Type           Power      Damage    Failure   Level
 Dazzling Flash           Conj/Hex       34%        N/A       10%         3
 Fulminant Prism          Conj/Hex       8%         3d7       32%         4
 Iskenderun's Mystic Bla  Conj/Tloc      17%        2d5       32%         4
 Alistair's Intoxication  Tmut/Pois      2%         N/A       96%         5
 Borgnjor's Vile Clutch   Necr/Erth      2%         N/A       96%         5
 Eringya's Noxious Bog    Tmut/Pois      2%         N/A       100%        6


Dungeon Overview and Level Annotations

Branches:
Dungeon (2/15)

Altars:

Annotations:
D:2 Terence


Innate Abilities, Weirdness & Mutations

You have large cloven feet.
Your magical capacity is low. (-10% MP)
You occasionally lose the ability to read scrolls when taking damage.


Message History

Found a short sword.
Terence the Incautious comes into view.
He is wielding a +1 hand axe of flaming and wearing a +0 chain mail of cold resistance.
Found a fuming dark potion.
Found a stone staircase leading down.
Terence is nearby!
The magic dart hits Terence but does no damage.
The magic dart hits Terence but does no damage.
You miscast Magic Dart.
You are very lightly contaminated with residual magic.
Nothing appears to happen.
The magic dart hits Terence but does no damage.
The magic dart hits Terence but does no damage.
Casting: Magic Dart (safe; 1% risk of failure)
Confirm with . or Enter, or press ? or * to list all spells.
Aiming: Searing Ray (safe; 1% risk of failure)
Press: ? - help, Shift-Dir - straight line, f/p - Terence
Aim: Terence, wielding a +1 hand axe of flaming and wearing a +0 chain mail of cold resistance (85% to hit)
The searing ray hits Terence but does no damage. (Press . to maintain the ray.)
The searing ray hits Terence.
Terence is lightly wounded.
Terence hits you with a +1 hand axe of flaming!
Terence burns you.
The searing ray hits Terence.
Terence is moderately wounded.
Terence misses you.
The searing ray hits Terence but does no damage.
Terence is moderately wounded.
You finish channelling your searing ray.
Terence hits you with a +1 hand axe of flaming.
* * * LOW HITPOINT WARNING * * *
Terence burns you.
* * * LOW HITPOINT WARNING * * *
Your magical contamination has completely faded away.
Terence bares his teeth.
It was a potion of mutation.
You feel extremely strange.
You occasionally lose the ability to read scrolls when taking damage.
You feel less energetic.
Your feet thicken and deform.
Terence hits you with a +1 hand axe of flaming!
You feel threatened and lose the ability to read scrolls!
You die...

...#.# #.#
.#.#.# #.# #
.#.. #.## #..#
##.# #.# #.#
#.## #@.# ##@#
#.#
#...........#
#.............#
......)........
...............
...............
...............


You could see Terence.

Vanquished Creatures
  A dart slug (D:1)
  5 ball pythons
  4 bats
  4 endoplasms
  2 giant cockroaches
  2 goblins (D:1)
  3 hobgoblins (D:1)
  2 quokkas (D:1)
  6 frilled lizards (D:1)
  3 kobolds
  10 rats
42 creatures vanquished.

Notes
Turn   | Place    | Note
-------+----------+-------------------------------------------
     0 | D:1      | leavemydog the Deep Elf Conjurer began the quest for the
                  | Orb.
     0 | D:1      | Reached XP level 1. HP: 10/10 MP: 6/6
   302 | D:1      | Reached XP level 2. HP: 15/15 MP: 5/8
   305 | D:1      | Learned a level 2 spell: Searing Ray
   404 | D:1      | Reached skill level 5 in Conjurations
   780 | D:1      | Reached XP level 3. HP: 19/19 MP: 6/9
  1563 | D:2      | Noticed Terence
  1575 | D:2      | Gained mutation: You occasionally lose the ability to read
                  | scrolls when taking damage. [potion of mutation]
  1575 | D:2      | Gained mutation: Your magical capacity is low. (-10% MP)
                  | [potion of mutation]
  1575 | D:2      | Gained mutation: You have large cloven feet. [potion of
                  | mutation]
  1575 | D:2      | Mangled by Terence

Illustrated notes

Levels and vault maps discovered:
D:1:      lemuel_arrival_river_bridge, layout_loops_ring,
          amcnicky_mini_corridor_feature, minmay_pentomino_p2
D:2:      layout_rooms, uniq_terence

Skill      XL: |  1  2 |
---------------+-------+-----
Conjurations   | 5 |  5.5
Dodging        | |  2.4
Stealth        | |  2.4
Spellcasting   | |  3.5

Action                   || total
-------------------------++-------
Melee: Unarmed           ||    10
 Cast: Magic Dart        ||    75
       Searing Ray       ||     1
  Use: Potion            ||     1
Armor: Robe              ||     7
Dodge: Dodged            ||    18
